 Dungeon Crawl Stone Soup version 0.30-a0-368-g86fb4627a9 (webtiles) character file.

Game seed: 16252694326868939580

85218 ytrimaz the Impregnable (level 15, -1/216 HPs)
             Began as a Minotaur Berserker on Nov 18, 2022.
             Was the Champion of Trog.
             Slain by an orc warrior
             ... wielding a +0 trident
              (6 damage)
             ... on level 2 of the Orcish Mines.
             The game lasted 00:25:59 (24236 turns).

ytrimaz the Impregnable (Minotaur Berserker)       Turns: 24236, Time: 00:26:00

Health: -1/216     AC: 28    Str: 28    XL:     15   Next: 37%
Magic:  14/14      EV: 25    Int:  4    God:    Trog [******]
Gold:   1793       SH:  5    Dex: 17    Spells: 14/14 levels left

rFire   . . .      SeeInvis .    u - +0 war axe (flame)
rCold   + + +      Faith    .    l - +0 buckler of Kiub {rPois Will+ Slay+3 Stlth+}
rNeg    . . .      Spirit   .    y - +6 chain mail of Egalitarianism {rC++}
rPois   +          Reflect  .    Q - +2 hat
rElec   .          Harm     .    (no cloak)
rCorr   .          Rampage  .    (no gloves)
Will    ++++.                    o - +2 pair of boots
Stlth   ..........               b - amulet of the acrobat
HPRegen 1.56/turn                p - ring of protection from cold
MPRegen 0.14/turn                U - +6 ring of dexterity

@: berserking, strong-willed, acrobatic, regenerating, hasted, very quick
A: horns 2, retaliatory headbutt
a: Renounce Religion, Berserk, Trog's Hand, Brothers in Arms


You were on level 2 of the Orcish Mines.
You worshipped Trog.
Trog was exalted by your worship.
You visited 3 branches of the dungeon, and saw 22 of its levels.
You also visited: Sewer and Ossuary.

You collected 1793 gold pieces.


Innate Abilities, Weirdness & Mutations

You have a pair of horns on your head.
You reflexively headbutt those who attack you in melee.


   Skills:
 - Level 16.0 Fighting
 - Level 16.0 Axes
 - Level 1.1 Throwing
 + Level 23.4 Armour
 - Level 2.1 Dodging
 - Level 4.1 Shields


You had 14 spell levels left.
You didn't know any spells.
Your spell library was empty.

Inventory:

Hand Weapons
 a - a +1 vampiric hand axe
 u - a +0 war axe of flaming (weapon)
   (You took it off an orc priest on level 5 of the Dungeon)
 V - a +1 broad axe
   (You took it off an orc knight on level 1 of the Orcish Mines)
Missiles
 H - 5 throwing nets (quivered)
 L - 8 boomerangs
Armour
 l - the +0 buckler of Kiub (worn) {rPois Will+ Slay+3 Stlth+}
   (You found it on level 2 of the Dungeon)

   Slay:      It affects your accuracy & damage with ranged weapons and melee
   (+3).
   rPois:     It protects you from poison.
   Will:      It increases your willpower.
   Stlth:     It makes you more stealthy.
 o - a +2 pair of boots (worn)
   (You found it on level 2 of the Dungeon)
 x - +0 acid dragon scales
   (You found it on level 5 of the Dungeon)
 y - the +6 chain mail of Egalitarianism (worn) {rC++}
   (You acquired it in an ossuary)

   rC:        It greatly protects you from cold.
 P - +0 pearl dragon scales
   (You found it on level 13 of the Dungeon)
 Q - a +2 hat (worn)
   (You found it on level 15 of the Dungeon)
Jewellery
 b - an amulet of the acrobat (around neck)
   (You found it on level 4 of the Dungeon)
 e - a ring of fire
   (You found it on level 11 of the Dungeon)
 p - a ring of protection from cold (left hand)
   (You found it on level 6 of the Dungeon)
 M - a ring of ice
   (You took it off Fannar on level 11 of the Dungeon)
 O - a ring of flight
   (You found it on level 13 of the Dungeon)
 T - a ring of fire
   (You found it on level 4 of the Lair of Beasts)
 U - a +6 ring of dexterity (right hand)
   (You found it on level 5 of the Lair of Beasts)
Wands
 t - a wand of roots (12)
   (You found it on level 3 of the Dungeon)
 D - a wand of mindburst (17)
   (You found it on level 7 of the Dungeon)
 E - a wand of flame (26)
   (You took it off a goblin on level 9 of the Dungeon)
 F - a wand of acid (7)
   (You found it on level 9 of the Dungeon)
 G - a wand of polymorph (5)
   (You found it on level 11 of the Dungeon)
 J - a wand of digging (19)
   (You took it off Harold on level 11 of the Dungeon)
 N - a wand of paralysis (13)
   (You found it on level 12 of the Dungeon)
Scrolls
 h - 4 scrolls of poison
 j - 17 scrolls of teleportation
 k - 2 scrolls of summoning
 q - 2 scrolls of enchant weapon
 v - 2 scrolls of brand weapon
 w - 2 scrolls of magic mapping
 B - 3 scrolls of fear
 I - 2 scrolls of enchant armour
 R - 3 scrolls of butterflies
Potions
 c - 2 potions of cancellation
 d - 9 potions of curing
 f - 3 potions of berserk rage
 g - 4 potions of haste
 i - 4 potions of mutation
 m - 9 potions of might
 n - 2 potions of heal wounds
 r - 5 potions of flight
 s - 2 potions of invisibility {unknown}
 z - 4 potions of lignification {unknown}
 A - 2 potions of ambrosia {unknown}
 C - 2 potions of resistance {unknown}
 K - 2 potions of experience {unknown}
 S - 2 potions of attraction {unknown}

Dungeon Overview and Level Annotations

Branches:
Dungeon (15/15) Zot: 25210 Temple (0/1) D:6 Lair (5/5) D:10 Zot: 23194 Shoals (0/4) Lair:2 Spider (0/4) Lair:2 Slime (0/5) Lair:5 Orc (2/2) D:10 Zot: 11524 Vaults (0/5) D:13 D:14 Depths (0/4) D:15 Sewer (visited) Ossuary (visited) Elf: Orc:2

Altars:
Cheibriados
Dithmenos
Gozag
Hepliaklqana
Nemelex Xobeh
Okawaru
Trog
Vehumet
Wu Jian
Xom
Yredelemnul
Zin
The Shining One
Jiyva

Shops:
D:5 (   D:11 ?   D:12 (

Annotations:
D:3 3 runed translucent doors, Aneyh's ghost, amateur TeMo
D:4 2 transporters, koil's ghost, novice TrBe
D:5 1 runed translucent door, bande's ghost, novice GrFi
D:8 2 transporters, MrSquiggles's ghost, novice OpIE
D:13 3 runed translucent doors, ShnitzelX2's ghost, adept TeHW
D:15 exclusion: 2 goblins

...............
....#.o.........
................
................
......oo.#......
.....o.ooo......
......)o).$.....
......).).......
......oo@.......
.......oo...#...
.#.#..)))...#
#.....†))..#...
.#....))).## ...
..#....<.## ..
.####........# #
##.#......# ##
##.#.##


You could see an orc warlord, 6 orc warriors, an orc priest (strong) and 4 orcs.


Message History

Trog accepts your kill.
The orc warrior no longer looks unusually strong.
The orc warrior hits you but does no damage.
You block the orc warrior's attack. The orc wizard barely misses you.
The orc closely misses you. The orc warrior barely misses you.
The orc warrior hits you with a +0 mace.
* * * LOW HITPOINT WARNING * * *
Something hits you.
* * * LOW HITPOINT WARNING * * *
The orc warrior hits you from afar with a +0 glaive!
* * * LOW HITPOINT WARNING * * *
The orc warlord hits you but does no damage.
You block the orc warrior's attack. The troll barely misses you.
You furiously retaliate!
You headbutt the troll!
You kill the troll!
Trog accepts your kill.
Unknown command. 😱 HP[-13]
You take 13 damage, and now have 53/216 hp.
You slice the orc warrior!! You burn the orc warrior.
You kill the orc warrior!
Trog accepts your kill.
You slash the orc warrior! You burn the orc warrior.
You kill the orc warrior!
Trog accepts your kill.
You barely miss the orc. You barely miss the orc warlord. You slash the orc!
You burn the orc.
You kill the orc!
Trog accepts your kill.
You miss something. You slice the orc wizard!! You burn the orc wizard.
You kill the orc wizard!
Trog accepts your kill.
Trog appreciates your killing of a magic user. 😱 HP[+1] Unknown command.
You barely miss the orc warlord.
You headbutt the orc warlord, but do no damage.
You slash something! You burn something. Trog accepts your kill.
Trog appreciates your killing of a magic user.
Reactivating autopickup.
You feel a bit more experienced.
You barely miss the orc.
The orc warrior unwields a +0 battleaxe.
The orc warrior wields a +0 arbalest.
The orc warrior shoots a bolt.
The bolt hits you.
* * * LOW HITPOINT WARNING * * *
The orc warrior hits you but does no damage.
An orc comes into view. It is wielding a +0 hand axe.
The orc warrior hits you from afar with a +0 trident.
* * * LOW HITPOINT WARNING * * *
The orc warrior barely misses you. You block the orc warrior's attack.
The orc warlord hits you with a +1 vorpal long sword!
* * * LOW HITPOINT WARNING * * *
x2 The orc warrior hits you from afar with a +0 halberd.
* * * LOW HITPOINT WARNING * * *
The orc hits you but does no damage.
Unknown command.
You hit the orc warlord. You burn the orc warlord.
You headbutt the orc warlord!! You slash the orc! You burn the orc.
You kill the orc!
Trog accepts your kill.
You hit the orc priest. You burn the orc priest.
You kill the orc priest!
Trog accepts your kill.
You barely miss the orc priest.
The orc warrior no longer looks unusually strong.
The orc no longer looks unusually strong. x2 😱 HP[-17]
You take 17 damage, and now have 37/216 hp.
You slash the orc warlord! You burn the orc warlord. You hit the orc priest.
You burn the orc priest.
The orc warrior hits you from afar with a +0 trident!
* * * LOW HITPOINT WARNING * * *
The orc warrior unwields a +0 trident.
The orc warrior wields a +0 arbalest.
The orc warrior shoots a bolt.
The bolt hits you.
* * * LOW HITPOINT WARNING * * *
The orc warrior hits you from afar with a +0 glaive!
* * * LOW HITPOINT WARNING * * *
You block the orc warrior's attack.
The orc warlord hits you but does no damage.
The orc warrior closely misses you.
You hear a shout!
Unknown command. 😱 HP[-34]
You take 34 damage, and now have 3/216 hp.
You barely miss the orc warlord. You headbutt the orc warlord.
You hit the orc priest. You burn the orc priest. You slash the orc!
You burn the orc.
You feel the power of Trog in you as your rage grows.
You kill the orc!
Trog accepts your kill.
The orc warrior shoots a bolt.
The bolt closely misses you.
The bolt completely misses the orc warlord. 😱 HP[+1] Unknown command.
Unknown command.
The orc warrior no longer looks unusually strong.
The orc no longer looks unusually strong.
The orc warrior hits you with a +0 trident.
You die...

Skill      XL: |  1  2  3  4  5  6  7  8  9 10 11 12 13 14 15 |
---------------+----------------------------------------------+-----
Axes           | 4 5 7 9 11 13 15 16 | 16.0
Fighting       | 4 6 8 11 13 16 | 16.0
Armour         | 3 5 13 18 22 23 | 23.4
Shields        | 1 3 4 |  4.1
Throwing       | 1 |  1.1
Dodging        | |  2.1

Action                   |  1- 3 |  4- 6 |  7- 9 | 10-12 | 13-15 || total
-------------------------+-------+-------+-------+-------+-------++-------
Melee: Hand axe          |    69 |   205 |    21 |       |       ||   295
       Headbutt          |    15 |    21 |    36 |    72 |   214 ||   358
       War axe           |       |       |   184 |   335 |   723 ||  1242
Invok: Berserk           |       |       |     2 |     4 |     3 ||     9
       Trog's Hand       |       |       |       |       |     2 ||     2
Evoke: Wand              |       |       |       |     1 |       ||     1
  Use: Scroll            |     3 |     8 |     4 |     6 |     5 ||    26
       Potion            |       |       |       |       |     5 ||     5
 Stab: Sleeping          |       |     2 |       |       |       ||     2
       Petrified         |       |       |       |       |    22 ||    22
Armor: Animal skin       |    11 |    61 |       |       |       ||    72
       Plate armour      |       |    31 |    68 |       |       ||    99
       Chain mail        |       |       |    23 |   216 |   644 ||   883
Dodge: Dodged            |    58 |   111 |    99 |   162 |   420 ||   850
Block: Buckler           |       |    39 |    43 |    56 |   169 ||   307

Levels and vault maps discovered:
D:1:      eino_arrival_water_cross, layout_rooms
D:2:      layout_loops_ring, grunt_ministairs_4, nrook_uturn, minivault_23,
          chequers_serial_rivers_small_3
D:3:      layout_basic, gammafunk_ghost_split, cheibrodos_sewer_entry_bend
D:4:      layout_loops_ring, gammafunk_ghost_smash
D:5:      layout_cave_pools, grunt_nemelex_the_gamble, serial_shops, shop,
          hellmonk_ghost_happy_afterlife, eino_tiny_chamber, serial_park_tiny_2
D:6:      layout_basic, kennysheep_slug_shrine,
          mainiacjoe_overflow_catwalk_spiral, minmay_temple_entry_proselytizer,
          enter_ossuary_4
D:7:      layout_rooms, grunt_temple_overflow_order_and_chaos_1,
          tso_oasis_becter, nicolae_wu_jian_glorious_leap,
          chequers_serial_rivers_micro_a, uniq_duvessa
D:8:      layout_cave_pools, mainiacjoe_overflow_catwalk, gammafunk_ghost_arena,
          kennysheep_cluttered_room
D:9:      layout_basic, vehumet_altar_wand_db
D:10:     layout_loops_corners, mainiacjoe_overflow_chevrons,
          lemuel_round_altar, mainiacjoe_overflow_24_doors,
          grunt_lair_entry_orc_guard_hut, kb_lookout_dungeons_type
D:11:     cheibrodos_helix_gallery, layout_rooms, serial_shops, shop,
          uniq_snorg, uniq_psyche, uniq_fannar, uniq_harold
D:12:     layout_basic, serial_shops, nicolae_take_the_stairs
D:13:     layout_roguey, gauntlet_entry_generic, gammafunk_ghost_ooze,
          minmay_liquid_box, lightli_wizard_tower
D:14:     cheibrodos_wizards_tower, layout_basic, david_vaults_3,
          lemuel_flamethrower_3
D:15:     gammafunk_depths_entry_grave, layout_stronghold, minivault_27,
          kennysheep_okawaru_gauntlet
Lair:1:   layout_loops_ring, grunt_forest_stairs_basic, beast_lair_carwin_2
Lair:2:   layout_cave_pods, minmay_shoals_entry_hut,
          spider_nest_entry_funnel_web, kennysheep_snail_temple,
          uniq_prince_ribbit2, uniq_sonja
Lair:3:   layout_concentric_octagons
Lair:4:   layout_gridlike, beast_lair_carwin_8
Lair:5:   evilmike_catoblepas_cave, layout_layer_cave,
          nicolae_slime_entry_slimehenge, grunt_megastairs_2, uniq_kirke
Orc:1:    layout_caves
Orc:2:    st_orc_town, layout_caves, serial_shops, shop_statue,
          minmay_orc_barracks

Notes
Turn   | Place    | Note
-------+----------+-------------------------------------------
     0 | D:1      | ytrimaz the Minotaur Berserker began the quest for the Orb.
     0 | D:1      | Reached XP level 1. HP: 19/19 MP: 0/0
     0 | D:1      | magus.rc [v1.9.6]
    89 | D:1      | Reached XP level 2. HP: 27/27 MP: 1/1
   110 | D:1      | Reached skill level 4 in Axes
   167 | D:1      | Reached skill level 4 in Fighting
   174 | D:1      | Reached skill level 3 in Armour
   300 | D:1      | Reached XP level 3. HP: 17/33 MP: 2/2
   673 | D:2      | Reached ** piety under Trog
  1038 | D:2      | Reached XP level 4. HP: 41/41 MP: 3/3
  1250 | D:2      | Identified the +0 buckler of Kiub {rPois Will+ Slay+3
                  | Stlth+}
  1612 | D:3      | Found a runed translucent gate.
  1612 | D:3      | Found a runed translucent gate.
  1616 | D:3      | Found a runed translucent gate.
  1617 | D:3      | Noticed Aneyh's ghost (amateur TeMo)
  1774 | D:3      | Reached *** piety under Trog
  1919 | D:3      | Reached skill level 1 in Shields
  1924 | D:3      | Found a glowing drain.
  1958 | Sewer    | Entered a sewer
  2043 | Sewer    | Reached skill level 5 in Axes
  2092 | Sewer    | Reached XP level 5. HP: 38/47 MP: 4/4
  2106 | Sewer    | Reached skill level 2 in Shields
  2253 | Sewer    | Reached **** piety under Trog
  2350 | Sewer    | Reached skill level 3 in Shields
  2481 | D:3      | Reached XP level 6. HP: 53/53 MP: 5/5
  3121 | D:4      | Reached skill level 6 in Axes
  3235 | D:4      | Reached skill level 4 in Shields
  3484 | D:4      | Noticed koil's ghost (novice TrBe)
  3485 | D:4      | Found a transporter.
  3489 | D:4      | Found a transporter.
  3758 | D:5      | Entered Level 5 of the Dungeon
  3770 | D:5      | Reached skill level 7 in Axes
  3771 | D:5      | Reached ***** piety under Trog
  3786 | D:5      | Reached XP level 7. HP: 49/60 MP: 6/6
  3800 | D:5      | Reached skill level 8 in Axes
  3966 | D:5      | Noticed bande's ghost (novice GrFi)
  4131 | D:5      | Reached skill level 5 in Fighting
  4215 | D:5      | Found Riroq's Antique Weapon Shop.
  4225 | D:5      | Found a runed translucent door.
  4320 | D:5      | Found a sparkling altar of Nemelex Xobeh.
  4320 | D:5      | Found a transporter.
  4334 | D:5      | Reached skill level 9 in Axes
  4531 | D:6      | Found a snail-covered altar of Cheibriados.
  4598 | D:6      | Reached skill level 6 in Fighting
  4598 | D:6      | Reached XP level 8. HP: 70/70 MP: 7/7
  4612 | D:6      | You fall into a shaft and drop 3 floors!
  4674 | D:9      | Reached skill level 7 in Fighting
  4674 | D:9      | Reached skill level 10 in Axes
  4699 | D:8      | Received a gift from Trog
  4715 | D:8      | Found an opulent altar of Gozag.
  4751 | D:8      | Reached skill level 8 in Fighting
  4815 | D:7      | Noticed Dowan
  4816 | D:7      | Noticed Duvessa
  4848 | D:6      | Found a shadowy altar of Dithmenos.
  4862 | D:6      | Reached skill level 11 in Axes
  4865 | D:6      | Found a staircase to the Ecumenical Temple.
  4872 | D:6      | Found a sand-covered staircase.
  4883 | Ossuary  | Entered an ossuary
  4888 | Ossuary  | Reached XP level 9. HP: 82/82 MP: 8/8
  5252 | Ossuary  | Reached skill level 9 in Fighting
  5313 | Ossuary  | Identified a scroll of acquirement
  5408 | D:6      | Acquired the +6 chain mail of Egalitarianism {rC++}
  5577 | D:6      | Found an iron altar of Okawaru.
  6124 | D:7      | Reached skill level 12 in Axes
  6134 | D:7      | Reached skill level 10 in Fighting
  6136 | D:7      | Identified the +6 quarterstaff "Cimoed" {vorpal, *Corrode
                  | rN++ Dex+3} (Trog gifted it to you on level 7 of the
                  | Dungeon)
  6136 | D:7      | Received a gift from Trog
  6185 | D:7      | Found a glowing golden altar of the Shining One.
  6357 | D:7      | Killed Duvessa
  6363 | D:7      | Killed Dowan
  6381 | D:7      | Found a shimmering altar of Xom.
  6382 | D:7      | Noticed an angel
  6390 | D:7      | Found a glowing silver altar of Zin.
  6476 | D:7      | Found an ornate altar of the Wu Jian Council.
  6665 | D:8      | Noticed a cyclops
  6676 | D:8      | Noticed MrSquiggles's ghost (novice OpIE)
  6704 | D:8      | Reached skill level 11 in Fighting
  6707 | D:8      | Reached skill level 13 in Axes
  6707 | D:8      | Reached XP level 10. HP: 72/96 MP: 9/9
  6714 | D:8      | Found a transporter.
  6817 | D:8      | Found a transporter.
  7594 | D:9      | Found a radiant altar of Vehumet.
  7599 | D:9      | Identified the +2 long sword of the Sea {drain, Contam
                  | rCorr Str+3}
  7735 | D:9      | Noticed a two-headed ogre
  7743 | D:9      | Killed a two-headed ogre
  7744 | D:9      | Reached skill level 12 in Fighting
  8117 | D:10     | Entered Level 10 of the Dungeon
  8360 | D:10     | Found a bloodstained altar of Trog.
  8386 | D:10     | Noticed a gargoyle
  8388 | D:10     | Reached skill level 14 in Axes
  8393 | D:10     | Killed a gargoyle
  8398 | D:10     | Found a staircase to the Lair.
  8479 | D:10     | Reached skill level 13 in Fighting
  8486 | D:10     | Found a staircase to the Orcish Mines.
  8527 | D:10     | Found a hazy altar of Hepliaklqana.
  9287 | D:10     | Found a basalt altar of Yredelemnul.
  9328 | D:11     | Noticed Psyche
  9328 | D:11     | Noticed a two-headed ogre
  9329 | D:11     | Noticed a white ugly thing
  9336 | D:11     | Killed a white ugly thing
  9336 | D:11     | Killed a two-headed ogre
  9337 | D:11     | Reached skill level 15 in Axes
  9337 | D:11     | Reached XP level 11. HP: 107/107 MP: 10/10
  9338 | D:11     | Killed Psyche
  9404 | D:11     | Noticed Harold
  9410 | D:11     | Killed Harold
  9438 | D:11     | Noticed a deep elf pyromancer
  9441 | D:11     | Reached skill level 14 in Fighting
  9450 | D:11     | Killed a deep elf pyromancer
  9788 | D:11     | Noticed Fannar
  9790 | D:11     | Noticed Snorg
  9802 | D:11     | Killed Fannar
  9803 | D:11     | Reached skill level 16 in Axes
  9887 | D:11     | Killed Snorg
  9888 | D:11     | Reached skill level 15 in Fighting
  9969 | D:11     | Found Ireolong's Magic Scroll Shop.
 10191 | D:12     | Found Qokac's Weapon Shop.
 10226 | D:12     | Reached skill level 16 in Fighting
 10232 | D:12     | Reached skill level 4 in Armour
 10745 | D:12     | Noticed a green ugly thing
 10746 | D:12     | Noticed a two-headed ogre
 10754 | D:12     | Reached skill level 5 in Armour
 10756 | D:12     | Reached XP level 12. HP: 61/122 MP: 11/11
 10757 | D:12     | Reached skill level 6 in Armour
 10760 | D:12     | Reached skill level 7 in Armour
 10760 | D:12     | Killed a two-headed ogre
 10764 | D:12     | Reached skill level 8 in Armour
 11174 | D:12     | Reached skill level 9 in Armour
 11497 | D:13     | Noticed a boulder beetle
 11499 | D:13     | Found a runed translucent gate.
 11499 | D:13     | Found a runed translucent gate.
 11499 | D:13     | Found a runed translucent gate.
 11499 | D:13     | Noticed an acid blob
 11499 | D:13     | Noticed ShnitzelX2's ghost (adept TeHW)
 11499 | D:13     | Noticed an acid blob
 11499 | D:13     | Noticed an azure jelly
 11499 | D:13     | Noticed a rockslime
 11499 | D:13     | Noticed an acid blob
 11499 | D:13     | Noticed an acid blob
 11499 | D:13     | Noticed a quicksilver ooze
 11499 | D:13     | Noticed an azure jelly
 11499 | D:13     | Noticed an azure jelly
 11499 | D:13     | Noticed an acid blob
 11510 | D:13     | Killed a boulder beetle
 11513 | D:13     | Noticed an acid blob
 11514 | D:13     | Found a viscous altar of Jiyva.
 11704 | D:13     | Noticed a centaur warrior
 11711 | D:13     | Killed a centaur warrior
 11712 | D:13     | Reached skill level 10 in Armour
 11759 | D:13     | Noticed a two-headed ogre
 11766 | D:13     | Killed a two-headed ogre
 11870 | D:13     | Noticed a boulder beetle
 11877 | D:13     | Noticed a centaur warrior
 11890 | D:13     | Killed a centaur warrior
 11891 | D:13     | Reached skill level 11 in Armour
 11917 | D:13     | Killed a boulder beetle
 12010 | D:13     | Noticed a two-headed ogre
 12019 | D:13     | Killed a two-headed ogre
 12053 | D:13     | Reached skill level 12 in Armour
 12215 | D:13     | HP: 23/122 [fire elemental[a deep elf pyromancer] (14)]
 12220 | D:13     | HP: 18/183 [deep elf pyromancer/+0 long sword (1)]
 12684 | D:13     | Identified +0 pearl dragon scales
 12783 | D:14     | Noticed a boulder beetle
 12783 | D:14     | Noticed a centaur warrior
 12783 | D:14     | Noticed a two-headed ogre
 12783 | D:14     | Found a gate to the Vaults.
 12793 | D:13     | Killed a two-headed ogre
 12794 | D:13     | Reached skill level 13 in Armour
 12812 | D:13     | Reached ****** piety under Trog
 12975 | D:13     | HP: 22/122 [meliai/+0 hand axe (10)]
 12982 | D:13     | HP: 9/122 [human (4)]
 13280 | D:13     | Reached XP level 13. HP: 88/128 MP: 12/12
 13295 | D:13     | Reached skill level 14 in Armour
 13297 | D:13     | Received a gift from Trog
 13815 | D:14     | Noticed a deep elf annihilator
 13836 | D:14     | Killed a deep elf annihilator
 13845 | D:14     | Reached skill level 15 in Armour
 13845 | D:14     | Reached skill level 1 in Throwing
 15044 | D:15     | Entered Level 15 of the Dungeon
 15053 | D:15     | Reached skill level 16 in Armour
 15638 | D:15     | an orc comes into view. It is wielding the +8 Wrath of Trog
                  | {antimagic, *Rage Rampage}.
 15796 | D:15     | Reached skill level 17 in Armour
 15799 | D:15     | Found a staircase to the Depths.
 15820 | D:15     | HP: 27/126 [skeletal warrior/+0 glaive (11)]
 16399 | D:15     | Found an iron altar of Okawaru.
 16831 | Lair:1   | Entered Level 1 of the Lair of Beasts
 16979 | Lair:1   | Reached skill level 18 in Armour
 17692 | Lair:2   | Found a snail-covered altar of Cheibriados.
 17967 | Lair:2   | Found a hole to the Spider Nest.
 18044 | Lair:2   | Noticed Sonja
 18054 | Lair:2   | Killed Sonja
 18055 | Lair:2   | Reached XP level 14. HP: 128/130 MP: 13/13
 18139 | Lair:2   | Noticed Prince Ribbit
 18149 | Lair:2   | Killed Prince Ribbit
 18413 | Lair:2   | Found a staircase to the Shoals.
 18424 | Lair:2   | Received a gift from Trog
 18506 | Lair:2   | Identified the +5 ring mail "Ythropho" {*Corrode rPois rF+
                  | Regen+ Str+2}
 18949 | Lair:3   | Reached skill level 19 in Armour
 18950 | Lair:3   | Identified the +4 leather armour of Mazul {rPois}
 20163 | Lair:4   | Reached skill level 20 in Armour
 20861 | Lair:4   | Received a gift from Trog
 21188 | Lair:5   | Entered Level 5 of the Lair of Beasts
 21360 | Lair:5   | Reached skill level 21 in Armour
 22011 | Lair:5   | Found a staircase to the Slime Pits.
 22012 | Lair:5   | Found a viscous altar of Jiyva.
 22037 | Lair:5   | Noticed Kirke
 22050 | Lair:5   | Killed Kirke
 22092 | Lair:5   | Reached skill level 22 in Armour
 22390 | Lair:5   | Reached XP level 15. HP: 124/144 MP: 14/14
 23018 | Lair:5   | Reached skill level 23 in Armour
 23022 | Lair:5   | Identified the +0 great sword of the Gloaming {drain, rC+
                  | Will+ rCorr}
 23746 | Orc:1    | Entered Level 1 of the Orcish Mines
 23985 | Orc:1    | Received a gift from Trog
 24208 | Orc:2    | Entered Level 2 of the Orcish Mines
 24227 | Orc:2    | HP: 35/144 [orc warrior/+0 glaive[an orc warlord] (6)]
 24232 | Orc:2    | HP: 49/216 [orc warrior/bolt (6)]
 24234 | Orc:2    | HP: 21/216 [orc warrior/+0 trident (17)]
 24234 | Orc:2    | HP: 3/216 [orc warrior/+0 glaive[an orc warlord] (12)]
 24236 | Orc:2    | Slain by an orc warrior

Vanquished Creatures
  Kirke (Lair:5)
  A deep elf annihilator (D:14)
  Snorg (D:11)
  Fannar (D:11)
  Harold (D:11)
  10 hydras
  5 catoblepae (Lair:5)
  4 centaur warriors
  An ogre mage (D:15)
  A death knight (D:14)
  3 boulder beetles (D:13)
  6 death yaks (Lair:5)
  8 two-headed ogres
  A vampire mage (D:15)
  An orc high priest (Orc:2)
  Sonja (Lair:2)
  2 skeletal warriors (D:15)
  2 wizards
  A tengu zombie (D:15)
  A lindwurm (Lair:5)
  A necromancer (D:15)
  3 orc sorcerers
  5 orc knights
  3 deep elf pyromancers
  7 ugly things
  4 manticores
  3 cyclopes
  5 black mambas
  21 elephants
  3 gargoyles
  3 torpor snails (Lair:2)
  8 cane toads
  A rime drake (Lair:1)
  Psyche (D:11)
  An unseen horror (D:10)
  3 komodo dragons
  A spriggan zombie (D:15)
  5 trolls
  3 polar bears
  3 meliai (D:13)
  Prince Ribbit (Lair:2)
  15 blink frogs
  A snapping turtle (Lair:2)
  8 slime creatures (D:12)
  2 wraiths
  3 vampires
  2 shadows (D:11)
  An ettin skeleton (D:15)
  44 yaks
  16 humans
  4 basilisks
  2 wyverns
  4 water elementals
  2 hogs (Lair:5)
  A steam dragon (D:9)
  2 redbacks (Lair:2)
  3 wargs
  3 acid dragons
  A glowing shapeshifter zombie (D:15)
  12 water moccasins
  Duvessa (D:7)
  10 orc warriors
  An ice beast (shapeshifter) (D:15)
  2 sky beasts
  5 black bears
  20 wolves
  7 ogres
  4 phantoms
  6 centaurs
  3 kobold brigands
  An elf zombie (Ossuary)
  14 bullfrogs
  A necrophage (D:4)
  A gnoll sergeant (D:5)
  2 scorpions (D:6)
  7 wights (D:8)
  Dowan (D:7)
  15 killer bees
  5 electric eels
  5 howler monkeys
  A crimson imp (D:13)
  A centaur zombie (Ossuary)
  5 orc priests
  A gnoll bouda (D:8)
  2 iguanas
  5 jellies
  4 hounds
  8 orc wizards
  4 ogre zombies (Ossuary)
  7 mummies (Ossuary)
  9 adders
  7 gnolls
  3 shadow imps
  A white imp (D:6)
  3 ufetubi
  6 adder zombies (Ossuary)
  2 worms
  6 dart slugs
  45 orcs
  18 ball pythons
  7 bats
  21 endoplasms
  11 giant cockroaches
  8 goblins
  4 hobgoblins
  7 jackals
  21 quokkas
  10 frilled lizards
  3 goblin zombies (Ossuary)
  6 hobgoblin zombies (Ossuary)
  20 kobolds
  3 kobold zombies (Ossuary)
  4 quokka zombies
  8 rats
  4 rat zombies
  A bush (D:10)
650 creatures vanquished.

Vanquished Creatures (others)
  An elephant (Lair:5)
  A hog (Lair:5)
  2 humans (Lair:5)
  52 fungi
  44 plants
  16 withered plants (D:15)
116 creatures vanquished.

Grand Total: 766 creatures vanquished

Table legend:
 A = Non-vault XP
 B = Vault XP
 C = Vault XP percentage of total XP
 D = Non-vault monster count
 E = Vault monster count
 F = Vault count percentage of total count
                 A         B        C        D         E       F
            +---------+---------+-------+---------+---------+-------
      Total |   84549 |   37192 |  30.6 |     455 |     196 |  30.1
            +---------+---------+-------+---------+---------+-------
        D:1 |      50 |       0 |   0.0 |      26 |       0 |   0.0
        D:2 |      74 |       3 |   3.9 |      28 |       2 |   6.7
        D:3 |      48 |       5 |   9.4 |      23 |       1 |   4.2
        D:4 |     205 |       0 |   0.0 |      16 |       0 |   0.0
        D:5 |     618 |     163 |  20.9 |      23 |       1 |   4.2
        D:6 |     980 |      46 |   4.5 |      15 |       4 |  21.1
        D:7 |    1006 |     211 |  17.3 |      19 |       2 |   9.5
        D:8 |    1927 |       0 |   0.0 |      29 |       0 |   0.0
        D:9 |    1603 |       2 |   0.1 |       8 |       1 |  11.1
       D:10 |    2331 |     844 |  26.6 |      15 |       6 |  28.6
       D:11 |    4564 |    3388 |  42.6 |      12 |       6 |  33.3
       D:12 |    8352 |       0 |   0.0 |      26 |       0 |   0.0
       D:13 |    7419 |    5949 |  44.5 |      14 |      20 |  58.8
       D:14 |    3117 |    3235 |  50.9 |      13 |       5 |  27.8
       D:15 |    8491 |    4334 |  33.8 |      21 |       8 |  27.6
     Lair:1 |    1055 |     403 |  27.6 |       6 |       4 |  40.0
     Lair:2 |    3634 |    3482 |  48.9 |      18 |      10 |  35.7
     Lair:3 |    6698 |       0 |   0.0 |      32 |       0 |   0.0
     Lair:4 |    8283 |    1019 |  11.0 |      21 |       3 |  12.5
     Lair:5 |   18319 |   13471 |  42.4 |      45 |      35 |  43.8
      Orc:1 |    3008 |       0 |   0.0 |      23 |       0 |   0.0
      Orc:2 |    2767 |       0 |   0.0 |      22 |       0 |   0.0
      Sewer |       0 |     211 | 100.0 |       0 |      51 | 100.0
    Ossuary |       0 |     426 | 100.0 |       0 |      37 | 100.0
            +---------+---------+-------+---------+---------+-------

Illustrated notes

Table legend:
 A = Kills in this place as a percentage of kills in entire the game.
 B = Kills by you in this place as a percentage of kills by you in the entire game.
 C = Kills by friends in this place as a percentage of kills by friends in the entire game.
 D = Other kills in this place as a percentage of other kills in the entire game.
 E = Experience gained in this place as a percentage of experience gained in the entire game.
 F = Experience gained in this place divided by the number of levels of this place that you have seen.
                   A       B       C       D       E      F
               +-------+-------+-------+-------+-------+----------------------
         Total | 100.0 | 100.0 |   N/A | 100.0 | 100.0 | 5072.5
       Dungeon |  52.8 |  53.0 |   N/A |   0.0 |  48.4 | 3931.0
          Lair |  26.7 |  26.5 |   N/A | 100.0 |  46.3 | 11272.8
  Orcish Mines |   6.9 |   6.9 |   N/A |   0.0 |   4.7 | 2887.5
         Sewer |   7.8 |   7.9 |   N/A |   0.0 |   0.2 | 211.0
       Ossuary |   5.7 |   5.7 |   N/A |   0.0 |   0.3 | 426.0
               +-------+-------+-------+-------+-------+----------------------

Table legend: (Time is in decaauts)
 A = Elapsed time spent in this place.
 B = Non-inter-level travel time spent in this place.
 C = Inter-level travel time spent in this place.
 D = Time resting spent in this place.
 E = Time spent auto-exploring this place.
 F = Levels seen in this place.
 G = Mean time per level.
                   A        B        C        D        E       F      G
               +--------+--------+--------+--------+--------+-----+--------+
         Total |  24173 |  23388 |    785 |   1450 |  17749 |  24 | 1007.2 |
       Dungeon |  15945 |  15353 |    592 |   1226 |  11390 |  15 | 1063.0 |
          Lair |   6805 |   6628 |    177 |    224 |   5458 |   5 | 1361.0 |
  Orcish Mines |    475 |    461 |     14 |      0 |    388 |   2 |  237.5 |
         Sewer |    511 |    511 |      0 |      0 |    240 |   1 |  511.0 |
       Ossuary |    436 |    436 |      0 |      0 |    273 |   1 |  436.0 |
               +--------+--------+--------+--------+--------+-----+--------+

Top non-repeatable levels by time:
  Lair:5: 2424 daAuts
    D:13: 2157 daAuts
    D:15: 1624 daAuts
    D:14: 1516 daAuts
  Lair:2: 1359 daAuts
    D:12: 1279 daAuts
    D:10: 1243 daAuts
  Lair:4: 1190 daAuts
  Lair:3: 1129 daAuts
     D:3: 1108 daAuts
     D:2: 911 daAuts
     D:6: 884 daAuts
     D:9: 854 daAuts
    D:11: 850 daAuts
     D:5: 769 daAuts
